[Event "GrandPrix_29.05"]
[Site "Chess.com"]
[Date "2020.05.29"]
[Round "7"]
[White "iceboy88"]
[Black "ZoranRunic1"]
[Result "0-1"]
[WhiteElo "2438"]
[BlackElo "2423"]
[TimeControl "600+2"]
[EndTime "12:31:05 PDT"]
[Termination "ZoranRunic1 won on time"]

1. Nf3 Nf6 2. c4 g6 3. Nc3 Bg7 4. g3 O-O 5. Bg2 d6 6. d4 Nc6 7. O-O a6 8. Bf4 Rb8 9. Rc1 b5 10. c5 b4 11. Na4 Na5 12. d5 Bd7 13. c6 Bc8 14. b3 e6 15. dxe6 fxe6 16. Bg5 h6 17.
Be3 Qe8 18. Qc2 g5 19. h4 g4 20. Nd2 Nd5 21. Bxd5 exd5 22. Qd3 Rb5 23. Bd4 Bxd4 24. Qxd4 Nxc6 25. Qb2 Rf7 26. e3 Ne5 27. Qc2 Bf5 28. Qd1 Bd3 29. Nb2 Bxf1 30. Qxf1 c5 31. Nd3 Nxd3 32.
Qxd3 Qe6 33. e4 d4 34. Nc4 Rf3 35. Qd1 Rb8 36. Nd2 Rc3 37. Rb1 Rf8 38. Qe2 d3 39. Qe3 Qf6 40. Rf1 Kg7 41. e5 Qxe5 42. Ne4 Rf3 43. Qe1 Rc2 0-1

[Event "GrandPrix_29.05"]
[Site "Chess.com"]
[Date "2020.05.29"]
[Round "7"]
[White "Glek_Igor"]
[Black "Onischuk_V"]
[Result "0-1"]
[WhiteElo "2468"]
[BlackElo "2419"]
[TimeControl "600+2"]
[EndTime "12:31:05 PDT"]
[Termination "Onischuk_V won on time"]

1. e4 d6 2. d4 Nf6 3. Nc3 g6 4. f4 Bg7 5. Bd3 O-O 6. Nf3 Na6 7. O-O c5 8. d5 Bg4 9. a3 Nc7 10. h3 Bxf3 11. Qxf3 a6 12. a4 b6 13. Bd2 Rb8 14. Nd1 b5 15. axb5 axb5 16. c3 Ra8 17. Ne3 Rxa1 18.
Rxa1 Qb8 19. Kh2 Qb7 20. Rf1 Nd7 21. h4 Ra8 22. h5 Ra2 23. Bc1 b4 24. hxg6 hxg6 25.
c4 Rxb2 26. Bxb2 Bxb2 27. e5 dxe5 28. f5 g5 29. f6 Nxf6 30. Qf5 Kf8 31. Qxg5 e4 32. Be2 Ke8 33. Bh5 Qb8 34. Kh1 Kd7 35. Bg4+ Kd8 36. d6 Nce8 37. dxe7+ Kxe7 38. Nd5+ Kf8 39. Qh6+ Ng7 40. Nxf6 Qg3 41. Qh8+ Ke7 42. Qxg7 Qh4+ 43.
Bh3 Bxf6 44. Qg8 b3 45. Qc8 b2 46. Qxc5+ Ke8 47. Qc8+ Ke7 48. Qc5+ Ke8 49. Qb5+ Kf8 50. Qc5+ Kg7 51. Qf5 e3 52. Qd3 Qg3 0-1

[Event "GrandPrix_29.05"]
[Site "Chess.com"]
[Date "2020.05.29"]
[Round "7"]
[White "TheEternalPatzer"]
[Black "friesnielsen2302"]
[Result "1/2-1/2"]
[WhiteElo "2033"]
[BlackElo "1876"]
[TimeControl "600+2"]
[EndTime "12:31:07 PDT"]
[Termination "Game drawn by agreement"]

1. c4 Nf6 2. Nc3 d6 3. e4 e5 4.
h3 Nbd7 5. d3 c6 6. Nge2 Be7 7.
g3 a6 8. Bg2 b5 9. a3 O-O 10.
O-O Rb8 11. cxb5 axb5 12. b4 c5 13. Be3 Qc7 14. Rc1 Qa7 15. Qb3 Qa6 16. g4 h6 17.
Ng3 Re8 18. Nf5 Bf8 19. Nd5 Nxd5 20. exd5 Ra8 21. Rc3 Qa4 22. Rfc1 Bb7 23. Qb1 cxb4 24. axb4 Rec8 25. Rc6 Bxc6 26. dxc6 Nf6 27. d4 e4 28. Bxe4 d5 29. Bf3 Qxb4 30. Qxb4 Bxb4 31. Rb1 Bf8 32.
Rxb5 Rxc6 33. Bxd5 Nxd5 34. Rxd5 Rac8 35. Kg2 Kh7 36. h4 g6 37. Ng3 Rd6 38. Rb5 Re8 39. h5 Bg7 40. hxg6+ fxg6 41. Ne2 Red8 42. Kf3 Re6 43.
Rb7 Rf8+ 44. Kg2 Re4 45. Kg3 Kg8 46. Nf4 Rf7 47. Rb6 Bxd4 48. Bxd4 Rfxf4 49. Rxg6+ Kf7 50. Rg7+ Ke6 51. Be3 Rf6 52. Rh7 Rg6 53. Kf3 Rexg4 54. Rxh6 Kf5 55. Rxg6 Rxg6 56. Bc5 1/2-1/2

[Event "GrandPrix_29.05"]
[Site "Chess.com"]
[Date "2020.05.29"]
[Round "7"]
[White "MilanovicDan"]
[Black "BMOchsner"]
[Result "1-0"]
[WhiteElo "2483"]
[BlackElo "2211"]
[TimeControl "600+2"]
[EndTime "12:31:11 PDT"]
[Termination "MilanovicDan won on time"]

1. d4 Nf6 2. c4 e6 3. Nc3 Bb4 4. e3 d5 5. cxd5 exd5 6. Bd3 O-O 7. Ne2 b6 8. O-O Bb7 9. a3 Bd6 10. b4 Re8 11. Rb1 a6 12. a4 Nbd7 13. f3 Qe7 14. b5 axb5 15. axb5 Ba3 16. Bd2 Nf8 17. Qe1 Bb4 18. Qf2 Ra2 19. Rfd1 Ra3 20. g4 Ba5 21. g5 Nh5 22. f4 g6 23. Rbc1 Ng7 24. Re1 Nd7 25. Ng3 f5 26. Bf1 Qd6 27. Bg2 Ra8 28.
Nge2 Rd8 29. Rc2 Nf8 30. Rb1 Nfe6 31. Nc1 Bxc3 32. Bxc3 Ra4 33. Nd3 Rda8 34. Ne5 Ne8 35. h4 Qd8 36. h5 Nf8 37. Bb4 Nd6 38. Bxd6 Qxd6 39. Rbc1 Ra1 40. Kh2 Rxc1 41. Rxc1 Rc8 42. Qa2 Ra8 43. Qc2 Rc8 44. Qb3 Kg7 45. Nc6 Bxc6 46.
Rxc6 Qe7 47. h6+ Kh8 48. Bxd5 Re8 49. Qc3 Rc8 50. Kg3 Qd7 51. Qc4 Qe7 52. Kf3 Re8 53.
Qc3 Rc8 54. Kf2 Qd7 55. Bb3 Qe7 56. d5+ 1-0

[Event "GrandPrix_29.05"]
[Site "Chess.com"]
[Date "2020.05.29"]
[Round "7"]
[White "Armen_Barseghyan"]
[Black "FLamps8"]
[Result "0-1"]
[WhiteElo "2399"]
[BlackElo "2276"]
[TimeControl "600+2"]
[EndTime "12:31:20 PDT"]
[Termination "FLamps8 won by resignation"]

1. d4 d5 2. c4 e6 3. Nc3 Nf6 4.
cxd5 exd5 5. Bg5 c6 6. e3 Qb6 7. Qc2 Ne4 8. Nxe4 dxe4 9. Bc4 Qa5+ 10. Kf1 Qxg5 11. Qxe4+ Be7 12. Nf3 Qf5 13. Qxf5 Bxf5 14.
Nd2 Nd7 15. Ke2 Nb6 16. Bb3 Be6 17. Bxe6 fxe6 18. f4 c5 19. dxc5 Bxc5 20. Rac1 Rc8 21.
Ne4 Be7 22. Rxc8+ Nxc8 23. Rc1 Kd7 24. Rd1+ Kc7 25. Rc1+ Kb8 26. Rd1 b6 27. g4 Rd8 28.
Rc1 Nd6 29. Nf2 Rc8 30. Rxc8+ Kxc8 31. Nd3 Ne4 32. Kf3 Nc5 33. Ne5 Bf6 34. Nc4 Nd3 35. b3 Nc1 36. e4 Nxa2 37. e5 Be7 38. f5 Kd7 39. Ke4 Nc1 40. Nd2 Bb4 41. Nf3 Nxb3 42. f6 gxf6 43. exf6 Bc3 44. g5 Nc5+ 45. Kf4 a5 46. h4 a4 47. h5 a3 48. h6 a2 49.
g6 a1=Q 50. g7 Qc1+ 51. Kg4 Qxh6 52. g8=Q Qg6+ 53. Qxg6 hxg6 54. f7 Ke7 55. Ng5 Bf6 56. Nxe6 Nxe6 0-1

[Event "GrandPrix_29.05"]
[Site "Chess.com"]
[Date "2020.05.29"]
[Round "7"]
[White "AnotherGrumpy"]
[Black "Mikhail_Golubev"]
[Result "1-0"]
[WhiteElo "1944"]
[BlackElo "1989"]
[TimeControl "600+2"]
[EndTime "12:31:23 PDT"]
[Termination "AnotherGrumpy won on time"]

1. d4 Nf6 2. c4 g6 3. g3 Bg7 4.
Bg2 O-O 5. Nc3 d6 6. Nf3 Nc6 7. O-O Bf5 8. Ne1 e5 9. d5 Ne7 10. e4 Bc8 11. Nd3 Nd7 12. Be3 f5 13. f3 b6 14. b4 f4 15. Bf2 g5 16. Qd2 Nf6 17.
c5 Ng6 18. Rac1 h5 19. cxd6 cxd6 20. Nb5 Rf7 21. Rc6 Bf8 22. Rfc1 Ne8 23. Nxa7 Rfxa7 24. Bxb6 Qd7 25. Bxa7 Qxa7+ 26. Qf2 Qb7 27. gxf4 exf4 28.
Bf1 Nh4 29. Nxf4 Bd7 30. R6c2 Ba4 31. Rd2 Qf7 32. Ne6 Nxf3+ 33. Kh1 Nxd2 34. Qxd2 Bd7 35.
Qxg5+ Ng7 36. Bh3 Rxa2 37. Rf1 Rf2 38. Rg1 Qf3+ 39. Bg2 Qg4 40. Qe3 Qh4 41. Ng5 Qf4 42. Qa7 Bg4 43. Ne6 Nxe6 44. dxe6 Re2 45. Rf1 1-0

[Event "GrandPrix_29.05"]
[Site "Chess.com"]
[Date "2020.05.29"]
[Round "7"]
[White "Pidzsy"]
[Black "Jan1401"]
[Result "1-0"]
[WhiteElo "2197"]
[BlackElo "2153"]
[TimeControl "600+2"]
[EndTime "12:31:36 PDT"]
[Termination "Pidzsy won by checkmate"]

1. e4 e6 2. d4 d5 3. Nd2 Nc6 4.
Ngf3 Nf6 5. e5 Nd7 6. Bd3 Nb4 7. Be2 c5 8. c3 Nc6 9. O-O Be7 10. Re1 a5 11. a4 Qb6 12. Nb1 O-O 13. Na3 f6 14.
exf6 Nxf6 15. Nb5 Bd7 16. Bf4 Rac8 17. Be5 Ne4 18. Bd3 cxd4 19. Nbxd4 Rxf3 20. gxf3 Nxe5 21. fxe4 Bd6 22. exd5 exd5 23. Bxh7+ Kxh7 24. Qh5+ Kg8 25. Rxe5 Rf8 26. Rxd5 Qxb2 27. Rxd6 Qxa1+ 28. Kg2 Be8 29. Qd5+ Bf7 30. Qg5 Qxc3 31. Nf5 Re8 32. Rd4 Qc6+ 33. f3 Re2+ 34. Kg3 Qc7+ 35. Rf4 Be8 36. h4 Re6 37. h5 Kh7 38. Kh3 Qd7 39. Rg4 Rf6 40. Qxg7+ Qxg7 41. Rxg7+ Kh8 42. Rg5 Bxa4 43. Nh4 Bd7+ 44. Kg3 a4 45. Ra5 Ra6 46. Rd5 Bc6 47. Rd8+ Kg7 48. Nf5+ Kh7 49. Rc8 a3 50. Rc7+ Kh8 51. Ne7 a2 52. Ng6+ Kg8 53. h6 a1=Q 54. h7# 1-0

[Event "GrandPrix_29.05"]
[Site "Chess.com"]
[Date "2020.05.29"]
[Round "7"]
[White "Bulldog167"]
[Black "BairaKovanova"]
[Result "1-0"]
[WhiteElo "2458"]
[BlackElo "2209"]
[TimeControl "600+2"]
[EndTime "12:31:43 PDT"]
[Termination "Bulldog167 won by resignation"]

1. e4 e5 2. f4 d5 3. exd5 exf4 4. Nf3 Nf6 5. Bc4 Nxd5 6. O-O Be7 7. Bb3 c5 8. Re1 Nc6 9. d4 O-O 10. Bxd5 Qxd5 11. Nc3 Qd8 12. d5 Nd4 13. Nxd4 cxd4 14. Qxd4 Bf5 15. Bxf4 Bxc2 16. d6 Bf6 17. Be5 Bxe5 18.
Rxe5 Re8 19. Rxe8+ Qxe8 20. d7 Qf8 21. Re1 Rd8 22.
Nd5 h6 23. Nc7 Ba4 24. Qxa4 Qc5+ 25. Kh1 Qxc7 26. Rd1 Qc6 27. Qd4 b6 28. h3 Qe6 29.
Qc3 Kf8 30. Qa3+ Qe7 31. Qxa7 Qe2 32. Qa3+ Qe7 33. Qd3 Qc5 34. Qd6+ Qxd6 35. Rxd6 Ke7 36. Rxb6 Rxd7 37. a4 f5 38. a5 Rd1+ 39. Kh2 f4 40. a6 Ra1 41. b4 Ra2 42. Kg1 g5 43. Rxh6 Kf7 44. b5 1-0

[Event "GrandPrix_29.05"]
[Site "Chess.com"]
[Date "2020.05.29"]
[Round "7"]
[White "DarkAlekhine"]
[Black "PlayChessSimple"]
[Result "0-1"]
[WhiteElo "2065"]
[BlackElo "2228"]
[TimeControl "600+2"]
[EndTime "12:31:44 PDT"]
[Termination "PlayChessSimple won by resignation"]

1. d4 e6 2. e4 d5 3. Nc3 Nf6 4. Bg5 Bb4 5. e5 h6 6. Bd2 Bxc3 7. bxc3 Ne4 8. Bc1 c5 9. Qg4 g6 10. dxc5 Qa5 11. Ne2 Nc6 12. f3 Nxc5 13. Qf4 Qc7 14. Ba3 b6 15. c4 Nxe5 16. O-O-O Ba6 17. Bb2 Ncd7 18. cxd5 Bxe2 19. d6 Qc5 20. Bxe2 Rc8 21. Rd2 f6 22. Qe4 Kf7 23. Re1 Rhe8 24. Qa4 Red8 25.
Bd4 Qxd6 26. Bxe5 Qxd2+ 27. Kxd2 Nc5+ 28. Qd4 fxe5 29. Qxd8 Rxd8+ 30. Kc3 Rd4 31. Bb5 Kf6 32. a3 g5 33. Bf1 Ra4 34. Kb2 Rd4 35. Kc3 a6 36.
Bc4 b5 37. Bf1 Ra4 38. Kb2 e4 39. fxe4 Nxe4 40. c4 Nd6 41. cxb5 axb5 42. Bd3 e5 43. Kb3 Rd4 44. Rf1+ Ke6 45. Kc3 Ra4 46. Kb3 Rf4 47. Rxf4 gxf4 48. Kb4 e4 49. Be2 Kd5 50. Kc3 Kc5 51. Bf1 Nc4 52. a4 Ne3 53. Bxb5 Nxg2 54.
Be8 f3 55. Bh5 Nf4 56. Be8 e3 57. Bb5 f2 0-1

[Event "GrandPrix_29.05"]
[Site "Chess.com"]
[Date "2020.05.29"]
[Round "7"]
[White "EvgenyPigusov"]
[Black "sergiochess83"]
[Result "0-1"]
[WhiteElo "2261"]
[BlackElo "2531"]
[TimeControl "600+2"]
[EndTime "12:31:45 PDT"]
[Termination "sergiochess83 won by resignation"]

1. Nf3 d5 2. g3 g6 3. d4 Bg7 4. c4 dxc4 5. Qa4+ Nc6 6. Bg2 Qd7 7. Qxc4 Nxd4 8. Nxd4 Bxd4 9. Nc3 c6 10. O-O Bb6 11. Na4 Qe6 12. Nxb6 axb6 13. Qc3 Nf6 14. Bh6 Rg8 15.
Rfd1 Nd7 16. Rd3 g5 17. Bg7 f6 18. Re3 Ne5 19. Bh6 Qc4 20. Rxe5 Qxc3 21. bxc3 fxe5 22. Be4 Kf7 23. h4 gxh4 24. Kh2 Be6 25. a4 Rg4 26. Bc2 Rc4 27. Bd2 b5 28. a5 b4 29. Bd3 bxc3 30. Bxc4 cxd2 31. Bxe6+ Kxe6 32. Rd1 hxg3+ 33. fxg3 Rxa5 34. Rxd2 b5 0-1

[Event "GrandPrix_29.05"]
[Site "Chess.com"]
[Date "2020.05.29"]
[Round "7"]
[White "GeorgMeier"]
[Black "v-kazakouski"]
[Result "1-0"]
[WhiteElo "2626"]
[BlackElo "2404"]
[TimeControl "600+2"]
[EndTime "12:31:48 PDT"]
[Termination "GeorgMeier won by resignation"]

1. Nf3 Nf6 2. g3 e6 3. Bg2 d5 4. O-O Be7 5. c4 dxc4 6. Na3 Bxa3 7. bxa3 O-O 8. a4 Nc6 9. Bb2 Re8 10. Qc2 e5 11. Qxc4 Be6 12. Qc2 Qd6 13. d3 h6 14.
Rfc1 Bd5 15. Qc5 Nd7 16. Qxd6 cxd6 17. Ba3 e4 18. dxe4 Rxe4 19. Nh4 Rxa4 20. Bxd5 Rxa3 21. Nf5 Nb6 22. Bxc6 bxc6 23. Nxd6 Nd5 24. Nc4 Ra4 25. a3 Rc8 26. Rab1 Nb6 27. Nxb6 axb6 28. Rxb6 Rxa3 29.
Rbxc6 Rxc6 30. Rxc6 h5 31. f4 g6 32. f5 Kg7 33. f6+ Kh6 34. Rc7 Ra6 35. Rxf7 Kg5 36. Rf8 Rxf6 37. Rxf6 Kxf6 38. Kf2 Kf5 39. Kf3 Ke5 40. h4 Kf5 41. e4+ 1-0

[Event "GrandPrix_29.05"]
[Site "Chess.com"]
[Date "2020.05.29"]
[Round "7"]
[White "Firegrizzly"]
[Black "SipkeErnst"]
[Result "0-1"]
[WhiteElo "2222"]
[BlackElo "2167"]
[TimeControl "600+2"]
[EndTime "12:31:55 PDT"]
[Termination "SipkeErnst won by resignation"]

1. e4 e5 2. Nf3 Nc6 3. Bc4 Nf6 4. d3 Bc5 5. O-O a6 6. a4 d6 7. c3 Ba7 8. Nbd2 O-O 9. h3 Re8 10. Re1 Be6 11. a5 Bxc4 12. Nxc4 d5 13. exd5 Qxd5 14. Ne3 Bxe3 15. Bxe3 Rad8 16. d4 exd4 17. Nxd4 Nxa5 18.
b3 Nc6 19. Qc2 Ne4 20. Rad1 Nxd4 21. Rxd4 Qc6 22. Rc4 Qd5 23. Rd4 Qf5 24. c4 Rxd4 25. Bxd4 Re6 26. Re3 h5 27. Rf3 Qa5 28. Re3 Qf5 29.
Rf3 Qg5 30. b4 Qd2 31. Qxd2 Nxd2 32. Rc3 Re1+ 33. Kh2 Nf1+ 34. Kg1 Rd1 35. Be5 c6 36. f4 Ng3+ 37. Kh2 h4 38. Rxg3 hxg3+ 39. Kxg3 f6 40. Bc7 Rd4 41. Kg4 Rxc4 42. Bd6 Kf7 43. h4 b6 44. h5 a5 45. bxa5 bxa5 46. Kf5 a4 47.
g4 Rd4 48. Ba3 Rd3 49. Bb4 c5 50. Bxc5 Rd5+ 51. Ke4 Rxc5 0-1

[Event "GrandPrix_29.05"]
[Site "Chess.com"]
[Date "2020.05.29"]
[Round "7"]
[White "gygygygygyggygygygy"]
[Black "am00ss00"]
[Result "1-0"]
[WhiteElo "2004"]
[BlackElo "2049"]
[TimeControl "600+2"]
[EndTime "12:31:55 PDT"]
[Termination "gygygygygyggygygygy won by resignation"]

1. e4 d6 2. d3 Nf6 3. g3 g6 4. Bg2 Bg7 5. Nf3 O-O 6. O-O c5 7. Re1 Nc6 8. c3 Rb8 9. a4 a6 10.
d4 cxd4 11. cxd4 Nd7 12. Nc3 Qa5 13. Bd2 e6 14. d5 exd5 15. Nxd5 Qd8 16. Bg5 f6 17.
Be3 Nde5 18. Nd4 Nxd4 19. Bxd4 Be6 20. f4 Nc6 21. Bb6 Qd7 22. a5 Rbc8 23. Qd2 Rfe8 24.
Rad1 f5 25. Bf2 Rcd8 26. Nb6 Qf7 27. exf5 Bxf5 28. Bd5 Be6 29. Nc4 Bxd5 30. Rxe8+ Rxe8 31. Qxd5 Qxd5 32. Rxd5 Re2 33. b3 Ra2 34. Rxd6 Ra1+ 35. Kg2 Rb1 36. Rd3 Bf8 37. Bb6 Nb4 38. Rd8 Nc6 39.
Rd7 Rxb3 40. Rxb7 Rb4 41. Ne5 Nxa5 42. Rb8 Rb2+ 43. Kh3 Kg7 44. Nd7 Bd6 45. Bd4+ Kf7 46.
Rxb2 1-0

[Event "GrandPrix_29.05"]
[Site "Chess.com"]
[Date "2020.05.29"]
[Round "7"]
[White "Nuvas"]
[Black "khekhm"]
[Result "1/2-1/2"]
[WhiteElo "2261"]
[BlackElo "2385"]
[TimeControl "600+2"]
[EndTime "12:31:56 PDT"]
[Termination "Game drawn by repetition"]

1. d4 Nf6 2. c4 g6 3. g3 Bg7 4. Bg2 d5 5. cxd5 Nxd5 6. e4 Nb6 7. Ne2 c5 8. d5 O-O 9. O-O e6 10.
Nbc3 exd5 11. exd5 Bf5 12. Be3 Na6 13. b3 Qd7 14.
Re1 Rac8 15. a3 Rfe8 16. Rc1 c4 17. b4 Nc7 18. d6 Ne6 19. Bxb6 axb6 20. Nd5 Bd3 21.
Nxb6 Qxd6 22. Nxc8 Rxc8 23. Bxb7 Rd8 24. Bg2 Bb2 25. Ra1 c3 26. Rc1 Bxe2 27. Qxe2 Nd4 28. Qc4 Bxa3 29. Rxc3 Bxb4 30. Rcc1 Bxe1 31. Rxe1 Kg7 32.
h4 h5 33. Re4 Nf5 34. Qc3+ Qf6 35. Qxf6+ Kxf6 36. Rf4 Ke5 37. Re4+ Kf6 38. Rf4 Rd1+ 39. Kh2 Rd4 40. Rxd4 Nxd4 41. Bd5 Nf5 42. Kg2 Nd6 43.
Bb3 Ke5 44. Kf3 Kf5 45. Bc2+ Ke5 46. Bb3 Kf5 47. Bc2+ Ke5 48. Bb3 1/2-1/2

[Event "GrandPrix_29.05"]
[Site "Chess.com"]
[Date "2020.05.29"]
[Round "7"]
[White "rim1618"]
[Black "Msb2"]
[Result "0-1"]
[WhiteElo "2357"]
[BlackElo "2588"]
[TimeControl "600+2"]
[EndTime "12:32:00 PDT"]
[Termination "Msb2 won by resignation"]

1. d4 d5 2. Nf3 Nf6 3. c4 c6 4. e3 Bf5 5. Nc3 e6 6. Nh4 Be4 7. f3 Bg6 8. Qb3 Qc7 9. Bd2 Be7 10. cxd5 cxd5 11. Nxg6 hxg6 12. O-O-O Nc6 13. Kb1 Nd7 14. Rc1 a6 15. g3 Na5 16. Qd1 Nc4 17. e4 Qb6 18.
Bxc4 dxc4 19. Bf4 Rc8 20. h4 Qa5 21. e5 Nb6 22. Bg5 Bb4 23. Ne4 Nd5 24. Rh2 b5 25.
Bd2 Rc6 26. Nd6+ Rxd6 27. exd6 Kd7 28. Bxb4 Nxb4 29. b3 Rc8 30. Qd2 Qa3 31. bxc4 bxc4 32. Rc3 Qa4 33. Qb2 Qb5 34. Ka1 Qa5 35. Ra3 Qb5 36.
d5 c3 37. dxe6+ fxe6 38. Qc1 c2 39. Rd2 Qe5+ 0-1

[Event "GrandPrix_29.05"]
[Site "Chess.com"]
[Date "2020.05.29"]
[Round "7"]
[White "fujiwara_hoga"]
[Black "Baron_von_Koenig"]
[Result "1-0"]
[WhiteElo "2136"]
[BlackElo "1997"]
[TimeControl "600+2"]
[EndTime "12:32:00 PDT"]
[Termination "fujiwara_hoga won by resignation"]

1. d4 Nc6 2. Nf3 d6 3. e4 Nf6 4.
Nc3 g6 5. Be2 Bg7 6. O-O O-O 7.
h3 e5 8. dxe5 dxe5 9. Be3 h6 10.
Nd2 Nd4 11. Bc4 c6 12. a4 b6 13. b4 a6 14. Nb3 Nh5 15. Ne2 b5 16. axb5 cxb5 17. Bd5 Nxb3 18. cxb3 Be6 19. Bxa8 Qxa8 20. f3 Rd8 21. Qc2 f5 22. Rfd1 Rc8 23. Qd3 Bf8 24.
Bc5 fxe4 25. fxe4 Nf6 26. Bxf8 Rxf8 27. Qd6 Bxb3 28. Rf1 Qa7+ 29. Kh2 Qg7 30. Ng3 Ba4 31.
Rf3 Nh7 32. Rxf8+ Nxf8 33. Rc1 Bb3 34. Rc7 Bf7 35. Qxa6 h5 36. Qxb5 h4 37. Nf1 Qf6 38.
Rc3 Qf4+ 39. Kg1 Qxe4 40. Re3 Qd4 41. Qc5 Qb2 42. Rxe5 Nd7 43. Qc8+ Kg7 44. Re3 Qd4 45. Qc3 Qxc3 46. Rxc3 Kf6 47. Ne3 Ke5 48. Kf2 Nf6 49. Rc5+ Kd6 50. Ra5 Ne4+ 51. Kf3 Nd2+ 52. Kg4 1-0

[Event "GrandPrix_29.05"]
[Site "Chess.com"]
[Date "2020.05.29"]
[Round "7"]
[White "Promacherr"]
[Black "VolodymyrMolyboha"]
[Result "0-1"]
[WhiteElo "2171"]
[BlackElo "2302"]
[TimeControl "600+2"]
[EndTime "12:32:04 PDT"]
[Termination "VolodymyrMolyboha won by resignation"]

1. d4 g6 2. e4 Bg7 3. Nc3 d6 4. f4 c6 5. Nf3 Bg4 6. Be3 d5 7. exd5 cxd5 8. Bb5+ Nc6 9. h3 Bxf3 10. Qxf3 e6 11. O-O Ne7 12. Ne2 O-O 13. c3 Nf5 14. Bf2 Nd6 15. Bd3 f5 16. Rfe1 Ne4 17.
Be3 Nf6 18. g4 Rc8 19. g5 Ne4 20. h4 Na5 21. h5 Rf7 22. Kg2 Nc4 23. Bc1 Kf8 24.
Rh1 Ke7 25. hxg6 hxg6 26. Rh7 Qg8 27. Rh3 Kd7 28. b3 Ncd6 29. c4 Qd8 30. c5 Ne8 31. Rh7 Kc7 32. b4 Kb8 33. Be3 Qd7 34. a4 Nc7 35. Ra3 Rh8 36. Rxh8+ Bxh8 37. b5 Rh7 38. Rb3 Qd8 39. a5 Ne8 40. b6 a6 41. c6 N8d6 42.
c7+ Rxc7 43. bxc7+ Qxc7 44. Qh3 Bg7 45. Qh7 Qf7 46.
Bxa6 Ka7 47. Bd3 Nc4 48. Bg1 Ned6 49. Nc3 Nd2 50. Nb5+ Nxb5 51. Rxb5 Ne4 52. Be3 Nc3 53. Rb3 Ne4 54. Qh1 Nd6 55. Qb1 Qc7 56. Qc1 Nc4 57. Rc3 Nxe3+ 58. Kf3 Nc4 59. Bxc4 dxc4 60. Rxc4 Qd6 61.
Kg3 Bxd4 62. Qd2 e5 63. Qb4 Qd5 64. Rc7 exf4+ 65. Kh2 f3 66. Qc4 Qe4 0-1

[Event "GrandPrix_29.05"]
[Site "Chess.com"]
[Date "2020.05.29"]
[Round "7"]
[White "gliglu"]
[Black "Durarbayli"]
[Result "0-1"]
[WhiteElo "2338"]
[BlackElo "2566"]
[TimeControl "600+2"]
[EndTime "12:32:09 PDT"]
[Termination "Durarbayli won on time"]

1. d4 Nf6 2. c4 e6 3. Nf3 b6 4. g3 Bb7 5. Bg2 Bb4+ 6. Nbd2 O-O 7. O-O Re8 8. a3 Bf8 9. b4 a5 10. b5 d6 11. Bb2 Nbd7 12. Qc2 g6 13. e4 e5 14. Rfd1 exd4 15. Nxd4 Nc5 16. Re1 Bg7 17. Rad1 Qe7 18. e5 dxe5 19. Nc6 Qf8 20. Bxe5 Rac8 21. Nb3 Nxb3 22. Qxb3 Bxc6 23. Bxc6 Re6 24. Bf4 Qe7 25.
Rxe6 Qxe6 26. Qd3 Bf8 27. Bg5 Bd6 28. Qf3 Kg7 29. Rd3 Ng4 30. Bd5 Ne5 31. Qe4 Qh3 32. Rd4 Re8 33. Be3 f5 34. Qg2 Qxg2+ 35. Kxg2 Bxa3 36.
Rd1 Bd6 37. h3 h5 38. Bd4 Kf8 39. f4 Nd7 40. Bc6 Re7 41. Kf3 Nc5 42. Bf6 Re6 0-1

[Event "GrandPrix_29.05"]
[Site "Chess.com"]
[Date "2020.05.29"]
[Round "7"]
[White "Alex_Krayz"]
[Black "redblizzard"]
[Result "1-0"]
[WhiteElo "2148"]
[BlackElo "1912"]
[TimeControl "600+2"]
[EndTime "12:32:09 PDT"]
[Termination "Alex_Krayz won by checkmate"]

1. e4 e5 2. Nf3 Nc6 3. Bb5 Nf6 4. Qe2 Bc5 5. c3 d6 6. O-O Bd7 7. Rd1 O-O 8. d4 Bb6 9. dxe5 Ng4 10. Be3 Nxe3 11.
fxe3 Re8 12. Bxc6 Bxc6 13. Nbd2 dxe5 14. b4 a6 15. a4 Qe7 16. b5 axb5 17. axb5 Rxa1 18.
Rxa1 Bd7 19. Nb3 Be6 20. Rb1 Bxb3 21. Rxb3 Qc5 22. Kf2 Ra8 23. c4 h6 24. Rd3 f6 25.
Nd2 Ra3 26. Rxa3 Qxa3 27. Nf1 Qc3 28. h4 h5 29. Qxh5 Qxc4 30. Qg6 Qf7 31. Qg4 Kh7 32. h5 Qa2+ 33. Kf3 Qb3 34. Qg6+ Kh8 35. h6 Qg8 36. Ng3 Qh7 37. Qe8+ Qg8 38. hxg7+ Kxg7 39. Nf5+ Kh8 40. Qe7 Qg6 41. g4 Kg8 42. Qe6+ Kh7 43. Ne7 Qh6 44.
Qg8# 1-0

[Event "GrandPrix_29.05"]
[Site "Chess.com"]
[Date "2020.05.29"]
[Round "7"]
[White "Yuri202062"]
[Black "ZefirKa"]
[Result "1-0"]
[WhiteElo "1995"]
[BlackElo "2056"]
[TimeControl "600+2"]
[EndTime "12:32:11 PDT"]
[Termination "Yuri202062 won by resignation"]

1. d4 d5 2. c4 dxc4 3. e3 Nf6 4. Bxc4 a6 5. Nf3 e6 6. Qe2 c5 7. dxc5 Bxc5 8. O-O Nc6 9. e4 Nd4 10. Nxd4 Qxd4 11.
Be3 Qe5 12. Bxc5 Qxc5 13. Nd2 b5 14. Bd3 e5 15. a4 Bg4 16. Qe1 O-O 17. h3 Bd7 18.
axb5 axb5 19. Qe2 Rfc8 20. Rfd1 Ra4 21. Nf3 Nh5 22. Qd2 Rxa1 23. Rxa1 Nf4 24. Bf1 Be6 25. b4 Qc6 26. Nxe5 Qxe4 27. Re1 Qf5 28. Kh2 f6 29. g4 Qg5 30. Nf3 Qh6 31. Re4 g5 32. Rxe6 Nxe6 33. Qd7 Qf8 34. Qxe6+ Kg7 35. Bxb5 Rc2 36. Kg2 Qxb4 37. Qd7+ Kf8 38. Nd4 Rxf2+ 39. Kxf2 Qd2+ 40. Ne2 1-0

[Event "GrandPrix_29.05"]
[Site "Chess.com"]
[Date "2020.05.29"]
[Round "7"]
[White "DenLaz"]
[Black "Spartakus1975"]
[Result "1-0"]
[WhiteElo "2808"]
[BlackElo "2581"]
[TimeControl "600+2"]
[EndTime "12:32:15 PDT"]
[Termination "DenLaz won by resignation"]

1. d4 d5 2. c4 c6 3. Nf3 Nf6 4. Qc2 g6 5. e3 Bf5 6. Bd3 Bxd3 7.
Qxd3 e6 8. O-O Nbd7 9. Nc3 Bg7 10. b3 O-O 11. Bb2 Re8 12. Rfd1 a6 13. a4 Qb6 14.
Qc2 Rad8 15. Rac1 h6 16. Ne2 Ne4 17. Nf4 g5 18. Nd3 Qc7 19. b4 dxc4 20. Qxc4 Nb6 21. Qc2 Qe7 22. Nfe5 Nd5 23. Ba3 f6 24. Nc4 Qf7 25.
Re1 g4 26. Qe2 Qg6 27. Kh1 Kh8 28. f3 Nec3 29. Qd2 Nxa4 30. e4 Ndb6 31. Na5 Rxd4 32. Qe3 e5 33. fxg4 Qxg4 34. Nf2 Qf4 35. Nxb7 Qxe3 36. Rxe3 Nc4 37. Rg3 Rb8 38. Na5 Nxa5 39. bxa5 c5 40. h4 c4 41. Rc2 c3 42. Bc1 Rdb4 43.
Kh2 Rb2 44. Rgxc3 Nxc3 45. Bxb2 Na4 46. Bc1 Rb5 47. Bd2 Rc5 48. Rxc5 Nxc5 49. Kg3 Kg8 50. h5 Kf7 51. Kf3 Nb3 52. Bc3 Ke6 53. Ke3 Bf8 54. Kd3 f5 55. exf5+ Kxf5 56. Kc4 Nc1 57. Bd2 Ne2 58. g4+ Ke6 59. Ne4 Nf4 60. Nc5+ Bxc5 61. Kxc5 Nd3+ 62. Kb6 Nf2 63. Kxa6 Nxg4 64.
Kb7 Nf6 65. a6 Ne4 66. a7 Nc5+ 67. Kc6 Ne4 68. a8=Q Nxd2 69. Qa2+ 1-0

[Event "GrandPrix_29.05"]
[Site "Chess.com"]
[Date "2020.05.29"]
[Round "7"]
[White "Angry_Twin"]
[Black "MiroVlasenko"]
[Result "1/2-1/2"]
[WhiteElo "2540"]
[BlackElo "2612"]
[TimeControl "600+2"]
[EndTime "12:32:17 PDT"]
[Termination "Game drawn by repetition"]

1. e4 c5 2. Nf3 a6 3. g3 b5 4. Bg2 Bb7 5. d3 g6 6. O-O Bg7 7. Re1 Nc6 8. Nc3 d6 9. Bg5 b4 10. Na4 h6 11. Be3 e5 12. c3 Nf6 13. d4 cxd4 14. cxd4 Ng4 15. d5 Nxe3 16. Rxe3 Ne7 17. Qb3 a5 18. a3 f5 19. Nd2 f4 20. Ree1 Rb8 21. axb4 Ba6 22. Nc3 Rxb4 23. Qa3 fxg3 24. hxg3 O-O 25. Qxa5 Qxa5 26. Rxa5 Bd3 27. b3 Rc8 28.
Rc1 h5 29. Na2 Rbb8 30. Rxc8+ Nxc8 31. Bf1 Bc2 32. Ra6 Bh6 33. Rc6 Bd1 34. Nc4 Bxb3 35.
Nc3 Bf8 36. Na5 Bc2 37. Rc7 Nb6 38. Nc6 Ra8 39. Rb7 Na4 40. Nxa4 Bxa4 41. Bh3 Bc2 42. Be6+ Kh8 43. f3 Bh6 44. Kf2 Ra2 45. Rb8+ Kh7 46. Rb7+ Kh8 47. Rb8+ Kh7 48. Rb7+ Kh8 1/2-1/2

[Event "GrandPrix_29.05"]
[Site "Chess.com"]
[Date "2020.05.29"]
[Round "7"]
[White "Fandorine"]
[Black "NikolaN98"]
[Result "1-0"]
[WhiteElo "2472"]
[BlackElo "2218"]
[TimeControl "600+2"]
[EndTime "12:32:18 PDT"]
[Termination "Fandorine won by checkmate"]

1. e4 c5 2. Nf3 d6 3. c3 Nf6 4. g3 Nbd7 5. d3 b6 6. Bg2 Bb7 7. Nbd2 e6 8. O-O Be7 9. Re1 Ne5 10. Nxe5 dxe5 11. Nc4 Nd7 12. a4 O-O 13. Qb3 Ba6 14. Be3 Qc7 15. h4 Rad8 16. h5 h6 17. Bf3 Nb8 18. Rad1 Nc6 19. Be2 Bg5 20. Bxg5 hxg5 21. Ne3 Kh7 22. Bf1 Rd6 23. Rd2 Rfd8 24. Red1 Na5 25.
Qc2 Qd7 26. b3 Qe8 27. Ng4 f6 28. h6 Bb7 29. hxg7 Kxg7 30. f4 exf4 31. gxf4 Qh5 32.
Be2 Rh8 33. Bf3 Qh3 34. Rf1 Rdd8 35. Rh2 Qg3+ 36. Rg2 Qh3 37. fxg5 f5 38. Nh6 Rdf8 39. Qe2 fxe4 40. dxe4 Nxb3 41. Qd1 Na5 42. Qd7+ Kg6 43. Rff2 Rxf3 44. Rxf3 Qxf3 45. Qxe6+ Kg7 46. Nf5+ Kh7 47.
Qf7# 1-0